 Dungeon Crawl Stone Soup version 0.31-a0-210-gccc998df9b (webtiles) character file.

Game seed: 9101924643032848736

118 qw the Chopper (level 5, -1/32 HPs)
             Began as a Gargoyle Fighter on June 29, 2023.
             Slain by Pargi (5 damage)
             ... on level 3 of the Dungeon.
             The game lasted 00:00:56 (1882 turns).

qw the Chopper (Gargoyle Fighter)                   Turns: 1882, Time: 00:00:56

Health: -1/32      AC: 15    Str: 28    XL:     5   Next: 2%
Magic:  5/5        EV:  8    Int:  8    God:
Gold:   213        SH:  4    Dex:  9    Spells: 4/4 levels left

rFire   . . .        Y - +0 war axe
rCold   . . .        c - +0 buckler
rNeg    + . .        l - +0 chain mail
rPois   inf          (no helmet)
rElec   +            (no cloak)
rCorr   +            f - +1 pair of gloves
SInv    .            (no boots)
Will    .....        h - amulet of the acrobat Stlth
                     j - +6 ring of strength
HPRegen 0.25/turn    k - ring of resist corrosion
MPRegen 0.09/turn

%: acrobat
@: no status effects
A: sickness immunity, AC +4, negative energy resistance 1, electricity
resistance, torment resistance 1, petrification resistance
a: no special abilities


You were on level 3 of the Dungeon.
You visited 1 branch of the dungeon, and saw 3 of its levels.

You collected 213 gold pieces.


Innate Abilities, Weirdness & Mutations

You are immune to sickness and miasma.
Your stone body is resilient. (AC +4)
You are immune to poison.
You resist negative energy. (rN+)
You are resistant to electric shocks. (rElec)
You are resistant to unholy torment.
You are immune to petrification.


   Skills:
 - Level 3.2 Fighting
 + Level 4.5 Axes
 - Level 3.2 Armour
 - Level 3.2 Shields


You had 4 spell levels left.
You didn't know any spells.
Your spell library was empty.

Inventory:

Hand Weapons
 m - a +0 whip
 Y - a +0 war axe (weapon)
Armour
 c - a +0 buckler (worn)
 f - a +1 pair of gloves (worn)
 l - a +0 chain mail (worn)
Jewellery
 h - an amulet of the acrobat (around neck)
 j - a +6 ring of strength (left hand)
 k - a ring of resist corrosion (right hand)
Scrolls
 p - a scroll of identify
Potions
 a - a potion of curing {unknown}
 d - a potion of might
 e - a potion of attraction {unknown}
 g - a potion of enlightenment {unknown}
 n - a potion of haste {unknown}
 o - a potion of brilliance {unknown}

Dungeon Overview and Level Annotations

Branches:
Dungeon (3/15)

Altars:
Qazlal
Trog
Xom

Annotations:
D:3 Pargi


Message History

Pargi claws you but does no damage. Pargi barely misses you.
You slash Terence!
You kill Terence!
You barely miss Pargi. You block Pargi's attack. Pargi closely misses you.
Pargi claws you but does no damage. You block Pargi's attack. Pargi claws you.
Pargi claws you but does no damage.
You have reached level 5!
You completely miss Pargi.
Pargi is lightly wounded.
Pargi bites you. Pargi closely misses you. You block Pargi's attack.
You barely miss Pargi.
Pargi is lightly wounded.
Pargi snarls, "My home!
Leave!"
Pargi bites you but does no damage. Pargi claws you but does no damage. x2
Pargi bites you. Pargi barely misses you. Pargi claws you but does no damage.
You completely miss Pargi.
Pargi looks very sad for a moment.
Pargi bites you but does no damage. Pargi claws you but does no damage. x2
You hit Pargi.
Pargi is lightly wounded.
Pargi bites you but does no damage. Pargi claws you. Pargi barely misses you.
You slash Pargi!
Pargi is heavily wounded.
Pargi bites you but does no damage. Pargi claws you but does no damage. x2
You barely miss Pargi.
Pargi is heavily wounded.
You hit the worm. Pargi bites you but does no damage.
Pargi claws you but does no damage. Pargi closely misses you.
You hit Pargi.
Pargi is heavily wounded.
You barely miss the worm. Pargi bites you. You block Pargi's attack.
Pargi barely misses you. The worm closely misses you.
Pargi barely misses you. x3
You barely miss Pargi.
Pargi is heavily wounded.
You hit the worm. The worm bites you but does no damage. Pargi bites you.
You die...

###### #..... #.....
######## #.....
#......# #.....
#......# ##.....
#......#
......T########......#
......w@......'>.....#
......%########......#
.....## #.....:# ....
####......# ...
###.....##### ..
........# .
.##.....######
.............#
..####+###...#


You could see Pargi and a worm.

Vanquished Creatures
  Terence (D:3)
  4 adders
  4 ball pythons
  2 bats
  5 endoplasms
  2 giant cockroaches
  2 goblins (D:2)
  6 hobgoblins
  7 jackals
  3 quokkas
  2 frilled lizards
  5 kobolds
  11 rats
54 creatures vanquished.

Notes
Turn   | Place    | Note
-------+----------+-------------------------------------------
     0 | D:1      | qw the Gargoyle Fighter began the quest for the Orb.
     0 | D:1      | Reached XP level 1. HP: 14/14 MP: 1/1
     0 | D:1      | 0 ||| qw: Version: 0.3-a-24-ga2abf7b
     0 | D:1      | 0 ||| qw: Game counter: 7003
     0 | D:1      | 0 ||| qw: Melee chars always use a shield: true
     0 | D:1      | 0 ||| qw: God list: Okawaru
     0 | D:1      | 0 ||| qw: Allow faded altars: false
     0 | D:1      | 0 ||| qw: Do Orc after clearing Dungeon:15 true
     0 | D:1      | 0 ||| qw: Do second Lair branch before Depths: true
     0 | D:1      | 0 ||| qw: Lair rune preference: random
     0 | D:1      | 0 ||| qw: Goals: Normal, Zot:1-4, Slime:5, God:TSO, Crypt,
                  | Tomb, Abyss, Pan, Hells, Win
     0 | D:1      | 0 ||| PLANNING D:1-11
    33 | D:1      | Reached skill level 2 in Axes
    53 | D:1      | 53 ||| Stepping ~*~*~tactically~*~*~ (stealth).
    54 | D:1      | 54 ||| Stepping ~*~*~tactically~*~*~ (stealth).
    66 | D:1      | Reached XP level 2. HP: 10/19 MP: 2/2
   396 | D:1      | Reached skill level 3 in Axes
   529 | D:1      | Reached XP level 3. HP: 20/23 MP: 3/3
   771 | D:1      | 771 ||| UPGRADING to +1 pair of gloves.
   776 | D:1      | 776 ||| UPGRADING to +0 chain mail.
   786 | D:1      | 786 ||| DROPPING +0 scale mail.
   787 | D:1      | 787 ||| UPGRADING to amulet of the acrobat.
   792 | D:1      | 792 ||| UPGRADING to +6 ring of strength.
   793 | D:1      | 793 ||| UPGRADING to ring of resist corrosion.
   794 | D:1      | 794 ||| READING scroll labelled PIMOIF PAGIUDI.
   799 | D:1      | 799 ||| READING scroll labelled BAUCLY YNKUFRE.
   800 | D:1      | 800 ||| READING scroll labelled LEIBOJETOE.
   968 | D:2      | 968 ||| Stepping ~*~*~tactically~*~*~ (stealth).
  1005 | D:2      | 1005 ||| Stepping ~*~*~tactically~*~*~ (stealth).
  1017 | D:2      | 1017 ||| Stepping ~*~*~tactically~*~*~ (stealth).
  1060 | D:2      | Reached XP level 4. HP: 28/28 MP: 4/4
  1090 | D:2      | Reached skill level 4 in Axes
  1159 | D:2      | Found a shimmering altar of Xom.
  1169 | D:2      | 1169 ||| Stepping ~*~*~tactically~*~*~ (hiding).
  1170 | D:2      | 1170 ||| Stepping ~*~*~tactically~*~*~ (hiding).
  1666 | D:2      | 1666 ||| READING scroll labelled JIZIMIUSIG.
  1667 | D:2      | 1667 ||| READING scroll labelled CESOUPY ZISIUSH.
  1759 | D:3      | 1759 ||| Stepping ~*~*~tactically~*~*~ (stealth).
  1760 | D:3      | 1760 ||| Stepping ~*~*~tactically~*~*~ (stealth).
  1762 | D:3      | Found a bloodstained altar of Trog.
  1767 | D:3      | Found a stormy altar of Qazlal.
  1842 | D:3      | Noticed Terence
  1843 | D:3      | 1843 ||| Stepping ~*~*~tactically~*~*~ (hiding).
  1844 | D:3      | 1844 ||| Stepping ~*~*~tactically~*~*~ (hiding).
  1845 | D:3      | 1845 ||| Stepping ~*~*~tactically~*~*~ (hiding).
  1850 | D:3      | Noticed Pargi
  1871 | D:3      | HP: 7/28 [Terence/+0 trident (2)]
  1874 | D:3      | Killed Terence
  1875 | D:3      | Reached XP level 5. HP: 7/32 MP: 5/5
  1876 | D:3      | HP: 4/32 [Pargi (3)]
  1881 | D:3      | HP: 3/32 [Pargi (1)]
  1882 | D:3      | Slain by Pargi

Levels and vault maps discovered:
D:1:      dpeg_arrival_radiant, layout_loops_ring, palyth_stone_intersect
D:2:      layout_basic, basic_altar
D:3:      layout_basic, jmf_multi_god_temple, uniq_pargi, uniq_terence,
          uniq_jessica

Skill      XL: |  1  2  3  4 |
---------------+-------------+-----
Axes           | 2 3 4 |  4.5
Fighting       | |  3.2
Armour         | |  3.2
Shields        | |  3.2

Action                     |  1- 3 |  4- 6 || total
---------------------------+-------+-------++-------
  Melee: War axe           |    87 |    64 ||   151
    Use: Scroll            |     3 |     2 ||     5
 Armour: Scale mail        |    32 |       ||    32
         Chain mail        |    21 |    93 ||   114
  Dodge: Dodged            |    41 |    55 ||    96
  Block: Buckler           |    21 |    21 ||    42

Table legend:
 A = Non-vault XP
 B = Vault XP
 C = Vault XP percentage of total XP
 D = Non-vault monster count
 E = Vault monster count
 F = Vault count percentage of total count
                 A         B        C        D         E       F
            +---------+---------+-------+---------+---------+-------
      Total |     130 |      39 |  23.1 |      51 |       3 |   5.6
            +---------+---------+-------+---------+---------+-------
        D:1 |      36 |       0 |   0.0 |      21 |       0 |   0.0
        D:2 |      74 |       0 |   0.0 |      25 |       0 |   0.0
        D:3 |      20 |      39 |  66.1 |       5 |       3 |  37.5
            +---------+---------+-------+---------+---------+-------
